| TOP OF THE 1ST |
|
Milwaukee Brewers batting - Pitching for Arizona Diamondbacks : RHP Dan Crawford
|
|
Pitching: RHP Dan Crawford
|
|
|
Batting: RHB Jim Smith
|
0-0: SINGLE (Flyball, 3D, EV 93.1 MPH)
|
|
Batting: LHB Tim Nolan
|
0-0: Ball 1-0: Called Strike Jim Smith steals 2nd base 1-1: SINGLE (Groundball, 4MD, EV 104.4 MPH) Jim Smith to third Throwing error, E8 Jim Smith scores Tim Nolan to second
|
|
Batting: RHB Blake Anderson
|
0-0: Ground out 5-3 (Groundball, 56S, EV 63.1 MPH) Tim Nolan to third
|
|
Batting: LHB Billy Wood
|
0-0: SINGLE (Groundball, 6MD, EV 93.8 MPH) Tim Nolan scores
|
|
Batting: RHB Monte Harrison
|
0-0: Swinging Strike 0-1: Ball 1-1: Ball 2-1: Called Strike 2-2: Foul Ball, location: 5F 2-2: Ball 3-2: Strikes out swinging
|
|
Batting: LHB Isan Diaz
|
0-0: Ball 1-0: Foul Ball, location: 2RF 1-1: Swinging Strike 1-2: Fly out, F8 (Flyball, 8RS, EV 84.4 MPH)
|
| Top of the 1st over - 2 runs, 3 hits, 1 error, 1 left on base; Milwaukee 2 - Arizona 0 |
| BOTTOM OF THE 1ST |
|
Arizona Diamondbacks batting - Pitching for Milwaukee Brewers : RHP Joe Ross
|
|
Pitching: RHP Joe Ross
|
|
|
Batting: SHB Johnny McConnell
|
0-0: Ground out 4-3 (Groundball, 4, EV 80.6 MPH)
|
|
Batting: LHB Toshikuni Kondo
|
0-0: Fly out, F9 (Line Drive, 9LS, EV 96.9 MPH)
|
|
Batting: LHB José Silva
|
0-0: SINGLE (Line Drive, 89M, EV 103.1 MPH)
|
|
Batting: LHB Jorge Aguilar
|
0-0: Ball 1-0: Ball 2-0: Ball 3-0: Base on Balls José Silva to second
|
|
Batting: RHB Terrell Joyce
|
0-0: Called Strike 0-1: Ball 1-1: Swinging Strike 1-2: Foul Ball, location: 9LMF 1-2: Strikes out swinging
|
| Bottom of the 1st over - 0 runs, 1 hit, 0 errors, 2 left on base; Milwaukee 2 - Arizona 0 |
| TOP OF THE 2ND |
|
Milwaukee Brewers batting - Pitching for Arizona Diamondbacks : RHP Dan Crawford
|
|
Batting: RHB Tim Campbell
|
0-0: Ball 1-0: Called Strike 1-1: Ground out 5-3 (Groundball, 56, EV 96.3 MPH)
|
|
Batting: RHB Kevin Thompson
|
0-0: Ball 1-0: Fly out, F6 (Popup, P, EV 83.1 MPH)
|
|
Batting: RHB Dave Thomas
|
0-0: Called Strike 0-1: DOUBLE (Line Drive, 9LM, EV 110.6 MPH)
|
|
Batting: RHB Jim Smith
|
0-0: Ball 1-0: Fly out, F8 (Flyball, 8RD, EV 96.3 MPH)
|
| Top of the 2nd over - 0 runs, 1 hit, 0 errors, 1 left on base; Milwaukee 2 - Arizona 0 |
| BOTTOM OF THE 2ND |
|
Arizona Diamondbacks batting - Pitching for Milwaukee Brewers : RHP Joe Ross
|
|
Batting: RHB Brett Lawrie
|
0-0: Fly out, F9 (Line Drive, 9S, EV 88.8 MPH)
|
|
Batting: RHB Derek Briggs
|
0-0: Ball 1-0: Ball 2-0: Swinging Strike 2-1: Fly out, F8 (Flyball, 89S, EV 90.6 MPH)
|
|
Batting: LHB Richard Urena
|
0-0: Ball 1-0: Fly out, F7 (Line Drive, 7, EV 99.4 MPH)
|
| Bottom of the 2nd over - 0 runs, 0 hits, 0 errors, 0 left on base; Milwaukee 2 - Arizona 0 |
| TOP OF THE 3RD |
|
Milwaukee Brewers batting - Pitching for Arizona Diamondbacks : RHP Dan Crawford
|
|
Batting: LHB Tim Nolan
|
0-0: Ball 1-0: Ground out 3-1 (Groundball, 34S, EV 85.0 MPH)
|
|
Batting: RHB Blake Anderson
|
0-0: Called Strike 0-1: Foul Ball, location: 9LDF 0-2: SINGLE (Line Drive, 8LS, EV 93.8 MPH)
|
|
Batting: LHB Billy Wood
|
0-0: Fly out, F1 (Line Drive, P, EV 63.1 MPH)
|
|
Batting: RHB Monte Harrison
|
0-0: Called Strike 0-1: Ball 1-1: Foul Ball, location: 23FF 1-2: Foul Ball, location: 9LSF 1-2: Ball 2-2: Ball 3-2: Fly out, F9 (Flyball, 9, EV 88.8 MPH)
|
| Top of the 3rd over - 0 runs, 1 hit, 0 errors, 1 left on base; Milwaukee 2 - Arizona 0 |
| BOTTOM OF THE 3RD |
|
Arizona Diamondbacks batting - Pitching for Milwaukee Brewers : RHP Joe Ross
|
|
Batting: RHB José López
|
0-0: Ball 1-0: Ball 2-0: Ball 3-0: Base on Balls
|
|
Batting: SHB Johnny McConnell
|
0-0: Ball 1-0: SINGLE (Flyball, 89S, EV 93.8 MPH) José López to second
|
|
Batting: LHB Toshikuni Kondo
|
0-0: Ball 1-0: Called Strike 1-1: SINGLE (Line Drive, 6D, EV 101.3 MPH) José López to third Johnny McConnell to second
|
|
Batting: LHB José Silva
|
0-0: Called Strike 0-1: Fly out, F7 (Flyball, 78S, EV 80.0 MPH)
|
|
Batting: LHB Jorge Aguilar
|
0-0: Called Strike 0-1: Ball 1-1: Called Strike 1-2: Ball 2-2: Ball 3-2: Fly out, F6 (Popup, 6M, EV 56.9 MPH)
|
|
Batting: RHB Terrell Joyce
|
0-0: Foul Ball, location: 2F 0-1: Ball 1-1: Swinging Strike 1-2: Foul Ball, location: 7LSFF 1-2: Ball 2-2: Ball 3-2: SINGLE (Groundball, 4MD, EV 102.5 MPH) José López scores Johnny McConnell to third Toshikuni Kondo to second Johnny McConnell scores Toshikuni Kondo to third
|
|
Batting: RHB Brett Lawrie
|
0-0: Foul Ball, location: 2F 0-1: Foul Ball, location: 25FF 0-2: Ball 1-2: Strikes out swinging
|
| Bottom of the 3rd over - 2 runs, 3 hits, 0 errors, 2 left on base; Milwaukee 2 - Arizona 2 |
| TOP OF THE 4TH |
|
Milwaukee Brewers batting - Pitching for Arizona Diamondbacks : RHP Dan Crawford
|
|
Batting: LHB Isan Diaz
|
0-0: Ball 1-0: Ball 2-0: Ball 3-0: Called Strike 3-1: Foul Ball, location: 23F 3-2: Strikes out swinging
|
|
Batting: RHB Tim Campbell
|
0-0: Ball 1-0: Fly out, F8 (Flyball, 89D, EV 106.3 MPH)
|
|
Batting: RHB Kevin Thompson
|
0-0: Called Strike 0-1: Swinging Strike 0-2: Foul Ball, location: 5F 0-2: Foul Ball, location: 9LDF 0-2: Foul Ball, location: 5F 0-2: Ball 1-2: Ball 2-2: Ball 3-2: Foul Ball, location: 2F 3-2: SOLO HOME RUN (Flyball, 9LD, EV 89.4 MPH), Distance : 343 ft
|
|
Batting: RHB Dave Thomas
|
0-0: Ball 1-0: Fly out, F8 (Flyball, 8LD, EV 85.0 MPH)
|
| Top of the 4th over - 1 run, 1 hit, 0 errors, 0 left on base; Milwaukee 3 - Arizona 2 |
| BOTTOM OF THE 4TH |
|
Arizona Diamondbacks batting - Pitching for Milwaukee Brewers : RHP Joe Ross
|
|
Batting: RHB Derek Briggs
|
0-0: Ball 1-0: Called Strike 1-1: Ball 2-1: Ball 3-1: Fly out, F8 (Flyball, 8RD, EV 110.6 MPH)
|
|
Batting: LHB Richard Urena
|
0-0: Ball 1-0: Ground out U3 (Groundball, 3, EV 80.0 MPH)
|
|
Batting: RHB José López
|
0-0: Ball 1-0: Called Strike 1-1: Called Strike 1-2: Ground out 6-3 (Groundball, 56, EV 86.9 MPH)
|
| Bottom of the 4th over - 0 runs, 0 hits, 0 errors, 0 left on base; Milwaukee 3 - Arizona 2 |
| TOP OF THE 5TH |
|
Milwaukee Brewers batting - Pitching for Arizona Diamondbacks : RHP Dan Crawford
|
|
Batting: RHB Jim Smith
|
0-0: Called Strike 0-1: Ball 1-1: Ball 2-1: SINGLE (Groundball, 4MS, EV 60.6 MPH) (infield hit)
|
|
Batting: LHB Tim Nolan
|
0-0: Called Strike 0-1: Ball 1-1: Ball 2-1: Called Strike 2-2: Fly out, F5 (Popup, 56S, EV 74.4 MPH)
|
|
Batting: RHB Blake Anderson
|
0-0: Foul Ball, location: 3F 0-1: Ball 1-1: Ball 2-1: Fly out, F6 (Popup, P, EV 83.1 MPH)
|
|
Batting: LHB Billy Wood
|
0-0: Ball 1-0: Ground out 4-3 (Groundball, 4, EV 99.4 MPH)
|
| Top of the 5th over - 0 runs, 1 hit, 0 errors, 1 left on base; Milwaukee 3 - Arizona 2 |
| BOTTOM OF THE 5TH |
|
Arizona Diamondbacks batting - Pitching for Milwaukee Brewers : RHP Joe Ross
|
|
Batting: SHB Johnny McConnell
|
0-0: Ball 1-0: Fly out, F7 (Line Drive, 7D, EV 83.8 MPH)
|
|
Batting: LHB Toshikuni Kondo
|
0-0: Called Strike 0-1: Ground out 4-3 (Groundball, 34D, EV 110.0 MPH)
|
|
Batting: LHB José Silva
|
0-0: Fly out, F9 (Line Drive, 9S, EV 89.4 MPH)
|
| Bottom of the 5th over - 0 runs, 0 hits, 0 errors, 0 left on base; Milwaukee 3 - Arizona 2 |
| TOP OF THE 6TH |
|
Milwaukee Brewers batting - Pitching for Arizona Diamondbacks : RHP Dan Crawford
|
|
Batting: RHB Monte Harrison
|
0-0: SINGLE (Line Drive, 7S, EV 103.8 MPH)
|
|
Batting: LHB Isan Diaz
|
0-0: Ball 1-0: Bunt missed! 1-1: Called Strike 1-2: Ball 2-2: Ball 3-2: Fly out, F7 (Line Drive, 7, EV 85.6 MPH)
|
|
Pitching: RHP Dan Edwards
|
|
|
Batting: RHB Tim Campbell
|
0-0: Foul Ball, location: 25F 0-1: Ball 1-1: Called Strike 1-2: Foul Ball, location: 9LMF 1-2: Foul Ball, location: 7LMF 1-2: Ground out 1-3 (Groundball, 34S, EV 69.4 MPH) Monte Harrison to second
|
|
Batting: RHB Kevin Thompson
|
0-0: SINGLE (Flyball, 9LS, EV 90.0 MPH) Monte Harrison to third
|
|
Batting: RHB Dave Thomas
|
0-0: Ball 1-0: Called Strike 1-1: Ball 2-1: Swinging Strike 2-2: Foul Ball, location: 2F 2-2: Foul Ball, location: 2F 2-2: Ground out 5-3 (Groundball, 56S, EV 70.0 MPH)
|
| Top of the 6th over - 0 runs, 2 hits, 0 errors, 2 left on base; Milwaukee 3 - Arizona 2 |
| BOTTOM OF THE 6TH |
|
Arizona Diamondbacks batting - Pitching for Milwaukee Brewers : RHP Joe Ross
|
|
Batting: LHB Jorge Aguilar
|
0-0: Foul Ball, location: 25F 0-1: Ball 1-1: Ground out 4-3 (Groundball, 4, EV 81.9 MPH)
|
|
Batting: RHB Terrell Joyce
|
0-0: DOUBLE (Line Drive, 7LS, EV 96.9 MPH)
|
|
Batting: RHB Brett Lawrie
|
0-0: Ground out 6-3 (Groundball, 6, EV 83.8 MPH) Terrell Joyce to third
|
|
Batting: RHB Derek Briggs
|
0-0: Foul Ball, location: 7LDF 0-1: Ball 1-1: Fly out, F3 (Popup, 3SF, EV 76.3 MPH)
|
| Bottom of the 6th over - 0 runs, 1 hit, 0 errors, 1 left on base; Milwaukee 3 - Arizona 2 |
| TOP OF THE 7TH |
|
Milwaukee Brewers batting - Pitching for Arizona Diamondbacks : RHP Dan Edwards
|
|
Pitching: LHP Jody Davis
|
|
|
Batting: RHB Jim Smith
|
0-0: Fly out, F7 (Flyball, 7, EV 88.1 MPH)
|
|
Batting: LHB Tim Nolan
|
0-0: Foul Ball, location: 25F 0-1: Ball 1-1: Called Strike 1-2: Strikes out swinging
|
|
Batting: RHB Blake Anderson
|
0-0: Swinging Strike 0-1: Called Strike 0-2: Foul Ball, location: 2F 0-2: SINGLE (Groundball, 4M, EV 81.3 MPH) (infield hit)
|
|
Batting: LHB Billy Wood
|
0-0: Fly out, F8 (Line Drive, 8RD, EV 108.1 MPH)
|
| Top of the 7th over - 0 runs, 1 hit, 0 errors, 1 left on base; Milwaukee 3 - Arizona 2 |
| BOTTOM OF THE 7TH |
|
Arizona Diamondbacks batting - Pitching for Milwaukee Brewers : RHP Joe Ross
|
|
Batting: LHB Richard Urena
|
0-0: Foul Ball, location: 2F 0-1: Foul Ball, location: 2F 0-2: Foul Ball, location: 2F 0-2: Strikes out looking
|
|
Batting: RHB José López
|
0-0: Called Strike 0-1: Ground out 6-3 (Groundball, 6S, EV 62.5 MPH)
|
|
Batting: SHB Johnny McConnell
|
0-0: Ball 1-0: Ball 2-0: Ball 3-0: Base on Balls
|
|
Batting: LHB Toshikuni Kondo
|
0-0: Called Strike 0-1: Swinging Strike 0-2: Foul Ball, location: 2F 0-2: Fly out, F8 (Line Drive, 8LM, EV 104.4 MPH)
|
| Bottom of the 7th over - 0 runs, 0 hits, 0 errors, 1 left on base; Milwaukee 3 - Arizona 2 |
| TOP OF THE 8TH |
|
Milwaukee Brewers batting - Pitching for Arizona Diamondbacks : LHP Jody Davis
|
|
Pitching: RHP Dan Caine
|
|
|
Batting: RHB Monte Harrison
|
0-0: Foul Ball, location: 9LSF 0-1: Fly out, F8 (Line Drive, 8LM, EV 91.9 MPH)
|
|
Batting: LHB Isan Diaz
|
0-0: Fly out, F7 (Flyball, 78D, EV 90.0 MPH)
|
|
Batting: RHB Tim Campbell
|
0-0: Swinging Strike 0-1: Ball 1-1: Called Strike 1-2: Strikes out swinging
|
| Top of the 8th over - 0 runs, 0 hits, 0 errors, 0 left on base; Milwaukee 3 - Arizona 2 |
| BOTTOM OF THE 8TH |
|
Arizona Diamondbacks batting - Pitching for Milwaukee Brewers : RHP Joe Ross
|
|
Batting: LHB José Silva
|
0-0: Ball 1-0: Ball 2-0: Called Strike 2-1: Ball 3-1: Base on Balls
|
|
Batting: LHB Jorge Aguilar
|
0-0: Called Strike 0-1: Fielders Choice at 2nd, 4-6 (Groundball, 34, EV 100.6 MPH)
|
|
Batting: RHB Terrell Joyce
|
0-0: Ball 1-0: Called Strike 1-1: Swinging Strike 1-2: Strikes out swinging
|
|
Pitching: LHP Ed Gaines
|
|
|
Batting: RHB Brett Lawrie
|
0-0: Ball 1-0: Ball 2-0: Ball 3-0: Base on Balls Jorge Aguilar to second
|
|
Batting: RHB Derek Briggs
|
0-0: Ground out 6-3 (Groundball, 56D, EV 101.9 MPH)
|
| Bottom of the 8th over - 0 runs, 0 hits, 0 errors, 2 left on base; Milwaukee 3 - Arizona 2 |
| TOP OF THE 9TH |
|
Milwaukee Brewers batting - Pitching for Arizona Diamondbacks : RHP Dan Caine
|
|
Pitching: RHP Jorge Gonzáles
|
|
|
Batting: RHB Kevin Thompson
|
0-0: Ball 1-0: Swinging Strike 1-1: Ball 2-1: Foul Ball, location: 2F 2-2: Foul Ball, location: 2F 2-2: Strikes out looking
|
|
Batting: RHB Dave Thomas
|
0-0: Called Strike 0-1: Foul Ball, location: 9LDF 0-2: Ball 1-2: Foul Ball, location: 3DF 1-2: Foul Ball, location: 2F 1-2: Foul Ball, location: 2F 1-2: Ground out 5-3 (Groundball, 56S, EV 68.1 MPH)
|
|
Batting: RHB Jim Smith
|
0-0: Ball 1-0: Fly out, F5 (Line Drive, 56, EV 73.8 MPH)
|
| Top of the 9th over - 0 runs, 0 hits, 0 errors, 0 left on base; Milwaukee 3 - Arizona 2 |
| BOTTOM OF THE 9TH |
|
Arizona Diamondbacks batting - Pitching for Milwaukee Brewers : LHP Ed Gaines
|
|
Pinch Hitting: RHB Josh Marshania
|
0-0: Ball 1-0: Fly out, F8 (Flyball, 8LD, EV 110.0 MPH)
|
|
Batting: RHB José López
|
0-0: Ball 1-0: Ground out 6-3 (Groundball, 6, EV 99.4 MPH)
|
|
Batting: SHB Johnny McConnell
|
0-0: Called Strike 0-1: Ball 1-1: Fly out, F9 (Line Drive, 9, EV 90.6 MPH)
|
| Bottom of the 9th over - 0 runs, 0 hits, 0 errors, 0 left on base; Milwaukee 3 - Arizona 2 |
|